AoeStats
← Sheep Enjoyer

Black Forest

506341055Analyzed
2v2 RM · 19d ago on Sep 13, 2026· 68m 17s· 4 players
Game mode
Random Map
Map size
Medium (4 player)
Population
200
Speed
Normal
Resources
Standard
Victory
Conquest
Starting age
Dark Age
Ending age
Imperial Age
RankedLock teamsTeams togetherTeam positionsShared explorationLock speedFull tech treeHidden civsTurbo modeCheats
Victory
Defeat
🇦🇺 Mongols · Australia
983
+16
🇦🇺 Burmese · Australia
979
+16
🇨🇱 Mongols · Chile
1043
-18
🇺🇸 Magyars · United States
926
-14
jojamajo
1:16 Loom
15:25 Feudal Age
16:31 Man-at-Arms
20:33 Arson
26:56 Castle Age
25:20 Horse Collar
26:06 Scale Barding Armor
36:39 Husbandry
38:24 Light Cavalry
41:06 Fletching
44:26 Chain Barding Armor
44:48 Wheelbarrow
44:41 Forging
45:00 Bloodlines
51:27 Imperial Age
50:13 Iron Casting
51:30 Devotion
52:50 Plate Barding Armor
52:33 Howdah
52:43 Elite Battle Elephant
54:21 Hand Cart
55:54 Blast Furnace
56:15 Coinage
58:07 Conscription
57:51 Manipur Cavalry
58:24 Caravan
58:31 Fletching
58:39 Gold Mining
58:39 Stone Mining
60:06 Bodkin Arrow
62:47 Banking
67:47 Heavy Plow
Sheep Enjoyer
11:12 Feudal Age
12:10 Horse Collar
12:16 Double-Bit Axe
21:55 Castle Age
22:30 Padded Archer Armor
22:22 Fletching
25:14 Wheelbarrow
28:03 Gold Mining
28:57 Heavy Plow
32:02 Gold Shaft Mining
31:18 Stone Mining
34:33 Leather Archer Armor
34:13 Bodkin Arrow
34:29 Forging
35:18 Bow Saw
36:56 Hand Cart
37:08 Guard Tower
37:39 Ballistics
37:35 Fortified Wall
37:50 Ballistics
38:55 Stone Shaft Mining
39:01 Thumb Ring
40:30 Iron Casting
40:55 Husbandry
41:05 Bloodlines
40:16 Light Cavalry
45:22 Imperial Age
43:10 Herbal Medicine
43:26 Fervor
43:34 Murder Holes
44:01 Scale Barding Armor
45:59 Chain Barding Armor
45:37 Elite Mangudai
46:41 Conscription
46:57 Hoardings
46:38 Bracer
47:39 Blast Furnace
47:06 Parthian Tactics
46:41 Hussar
48:39 Chemistry
47:50 Masonry
47:29 Town Watch
48:37 Caravan
50:05 Town Patrol
50:07 Scale Mail Armor
51:08 Blast Furnace
51:43 Loom
53:05 Coinage
52:00 Onager
53:29 Drill
54:19 Capped Ram
58:50 Siege Ram
SadPlay
0:30 Loom
14:12 Feudal Age
17:38 Double-Bit Axe
22:37 Castle Age
26:45 Horse Collar
28:09 Corvinian Army
32:29 Bloodlines
32:21 Husbandry
32:42 Heavy Plow
36:34 Wheelbarrow
40:17 Imperial Age
38:30 Town Watch
39:58 Bow Saw
39:54 Scale Mail Armor
40:01 Scale Barding Armor
42:13 Conscription
42:20 Elite Magyar Huszar
43:41 Crop Rotation
44:13 Two-Man Saw
45:21 Chemistry
44:42 Ballistics
44:18 Murder Holes
44:03 Treadmill Crane
45:09 Fletching
45:42 Stone Mining
47:45 Hand Cart
47:46 Recurve Bow
47:33 Light Cavalry
47:34 Cavalier
50:46 Chain Barding Armor
50:52 Gold Mining
52:36 Town Patrol
52:10 Onager
54:13 Plate Barding Armor
53:53 Chain Mail Armor
53:39 Padded Archer Armor
56:41 Caravan
59:58 Leather Archer Armor
59:39 Bodkin Arrow
pegador
0:41 Loom
12:45 Feudal Age
14:23 Wheelbarrow
21:08 Castle Age
19:56 Double-Bit Axe
44:35 Fletching
56:28 Fortified Wall
60:34 Imperial Age
60:58 Bloodlines
60:48 Husbandry
61:18 Onager
63:35 Chemistry
62:00 Light Cavalry
63:52 Forging
63:47 Scale Barding Armor
63:11 Heavy Camel Rider
64:06 Husbandry
66:26 Town Watch
67:36 Hand Cart
67:22 Town Patrol
Connection lost

Rejoining the realm…

Still unreachable

The connection could not be restored.

Session expired

The server has moved on; the page needs a fresh start.